Map: Oceanborn LE

Players

Slayer - Winner!

  • Race: Protoss Protoss
  • League: Master
  • Spawn Location: 5:00

PiG

  • Race: Terran Terran
  • League: Master
  • Spawn Location: 11:00

VOD

Have the link to the VOD?

Description

Time

  • Played on: Nov. 12, 2023, 5:41 p.m.
  • Length: 21:00
Show
View Real Time Build Order
Export as new Build Order

Slayer Protoss - Winner!

Build Orders: 1 Gate Expand, Blink Stalkers, Carriers, Colossus Rush 

Get SALT Encoding   

  12  0:00  Probe  
  13  0:12  Probe  
  14  0:17  Pylon  
  14  0:24  Probe (Chrono Boost)  
  15  0:36  Probe (Chrono Boost)  
  15  0:39  Gateway  
  16  0:44  Probe (Chrono Boost)  
  16  0:48  Assimilator  
  17  0:51  Probe  
  18  1:03  Probe  
  19  1:15  Probe  
  20  1:26  Cybernetics Core  
  20  1:34  Nexus  
  20  1:40  Pylon  
  20  1:43  Probe  
  21  1:50  Assimilator  
  21  1:55  Probe  
  21  2:00  Adept (Chrono Boost)  
  22  2:02  Warp Gate  
  22  2:07  Probe  
  25  2:19  Gateway, Probe  
  26  2:31  Probe  
  26  2:35  Twilight Council  
  27  2:40  Stalker  
  27  2:44  Probe (Chrono Boost)  
  31  2:52  Probe (Chrono Boost)  
  31  2:53  Probe (Chrono Boost)  
  31  2:58  Probe (Chrono Boost)  
  32  2:59  Probe  
  34  3:06  Blink (Chrono Boost)  
  34  3:10  Probe  
  34  3:11  Probe  
  36  3:20  Robotics Facility  
  36  3:22  Pylon  
  36  3:24  Probe  
  36  3:25  Probe  
  38  3:29  Shield Battery  
  38  3:36  Probe  
  38  3:37  Probe  
  40  3:49  Probe x2  
  40  3:50  Pylon  
  40  3:52  Stalker x2  
  46  4:01  Probe x2  
  48  4:10  Nexus  
  48  4:13  Pylon  
  48  4:19  Robotics Bay  
  48  4:26  Stalker  
  48  4:27  Stalker  
  48  4:30  Probe x2  
  52  4:33  Assimilator  
  52  4:36  Assimilator  
  52  4:41  Pylon  
  52  4:42  Probe x2  
  54  4:49  Charge (Chrono Boost)  
  54  4:54  Probe x2  
  56  5:05  Stalker x2  
  56  5:06  Probe  
  56  5:07  Probe  
  58  5:13  Observer  
  59  5:18  Probe  
  59  5:19  Probe  
  61  5:22  Probe  
  61  5:23  Gateway  
  61  5:24  Gateway  
  62  5:31  Probe x2  
  62  5:34  Colossus (Chrono Boost), Probe  
  71  5:43  Probe x2  
  71  5:46  Observer, Probe  
  71  5:48  Extended Thermal Lance  
  71  5:49  Observer  
  74  5:55  Probe x2  
  74  5:56  Stalker  
  78  5:58  Probe, Stalker  
  78  6:02  Pylon  
  81  6:07  Probe x2  
  81  6:11  Probe  
  84  6:17  Colossus (Chrono Boost)  
  84  6:19  Gateway  
  84  6:23  Gateway  
  84  6:24  Observer  
  90  6:28  Gateway  
  90  6:29  Gateway  
  90  6:32  Zealot x2  
  94  6:34  Zealot  
  94  6:37  Zealot  
  98  6:43  Pylon  
  98  6:44  Pylon  
  98  6:47  Pylon  
  98  6:48  Pylon  
  98  6:50  Probe x3  
  101  6:57  Colossus (Chrono Boost)  
  107  7:02  Forge  
  107  7:10  Nexus  
  107  7:13  Pylon  
  107  7:17  Probe x2  
  109  7:28  Zealot x6  
  109  7:29  Zealot  
  122  7:31  Protoss Ground Weapons Level 1 (Chrono Boost)  
  122  7:36  Colossus (Chrono Boost)  
  122  7:40  Probe  
  122  7:41  Probe  
  122  7:42  Probe  
  131  7:47  Assimilator  
  131  7:50  Assimilator  
  125  7:59  Zealot x6  
  125  8:00  Zealot  
  125  8:09  Stalker  
  125  8:11  Probe x2  
  125  8:12  Probe  
  130  8:15  Photon Cannon  
  130  8:23  Probe x2  
  130  8:24  Probe x2  
  134  8:34  Zealot  
  134  8:35  Zealot x6  
  134  8:36  Zealot  
  134  8:38  Observer  
  151  8:43  Pylon  
  151  8:44  Pylon  
  151  8:55  Stalker x2  
  155  9:07  Robotics Facility, Templar Archives  
  155  9:10  Forge  
  155  9:11  Observer  
  156  9:23  Probe x2  
  158  9:26  Stalker x4  
  166  9:31  Disruptor (Chrono Boost)  
  166  9:33  Stalker  
  166  9:38  Nexus  
  159  9:47  Zealot x2  
  159  9:48  Zealot  
  159  9:49  Zealot x4  
  149  9:58  Disruptor (Chrono Boost), Probe x4  
  147  10:01  Protoss Ground Weapons Level 2 (Chrono Boost), Protoss Ground Armor Level 1 (Chrono Boost), Pylon  
  147  10:04  Disruptor (Chrono Boost)  
  155  10:10  Probe x3  
  155  10:11  Probe  
  155  10:13  Pylon  
  159  10:14  Pylon  
  159  10:15  Pylon  
  159  10:16  Assimilator  
  159  10:18  Assimilator  
  159  10:21  High Templar x3  
  159  10:22  High Templar  
  159  10:25  High Templar x3  
  159  10:26  High Templar, Probe  
  159  10:27  Probe  
  177  10:29  Archon x4  
  177  10:36  Disruptor  
  177  10:42  Disruptor  
  185  10:50  Assimilator  
  185  10:52  Assimilator  
  175  11:06  Zealot  
  177  11:11  Disruptor  
  177  11:18  Disruptor  
  185  11:27  Gateway  
  185  11:28  Gateway  
  185  11:29  Zealot x7  
  185  11:30  Gateway  
  199  11:37  Gateway  
  199  11:40  Dark Shrine  
  199  11:41  Gateway  
  199  11:43  Gateway  
  197  11:48  Observer  
  182  12:09  Disruptor x2  
  162  12:22  Zealot x8  
  136  12:34  Zealot  
  136  12:35  Zealot x3  
  132  12:45  Disruptor x2  
  140  12:54  Dark Templar x4  
  148  13:02  High Templar x10  
  168  13:06  Archon x2  
  168  13:07  Archon x3  
  167  13:13  Shadow Stride, Protoss Ground Armor Level 2, Protoss Ground Weapons Level 3  
  167  13:20  Disruptor x2  
  173  13:32  Stalker x4  
  162  13:42  Stalker x7  
  176  14:00  Stalker x3  
  176  14:01  Stalker x4  
  190  14:11  Stargate  
  190  14:13  Stargate  
  190  14:21  Stargate  
  182  14:33  Protoss Air Weapons Level 1  
  182  14:34  Nexus  
  180  14:39  Probe  
  180  14:42  Stargate  
  180  14:44  Stargate  
  181  14:57  Fleet Beacon  
  158  15:40  Carrier x3 (Chrono Boost)  
  171  15:50  Carrier x2 (Chrono Boost)  
  169  15:58  Zealot  
  169  16:01  Zealot  
  173  16:05  Protoss Shields Level 1 (Chrono Boost)  
  173  16:07  Protoss Ground Armor Level 3 (Chrono Boost)  
  173  16:19  Stalker  
  173  16:20  Stalker  
  173  16:22  Stalker x2  
  181  16:27  Nexus  
  179  16:37  Carrier x3  
  195  16:41  Stalker x2  
  199  16:51  Protoss Air Weapons Level 2  
  191  17:06  Carrier  
  190  17:45  Carrier  
  185  18:06  Carrier x2  
  176  18:27  Carrier x2  
  176  18:34  Protoss Shields Level 2  
  176  18:42  Nexus  
  162  18:54  Carrier  
  162  19:10  Carrier  
  162  19:15  Carrier  
  173  19:35  Carrier  
Show
View Real Time Build Order
Export as new Build Order

PiG Terran 

Build Orders: Reaper Expand 

Get SALT Encoding   

  12  0:00  SCV  
  13  0:12  SCV  
  14  0:19  Supply Depot  
  14  0:25  SCV  
  15  0:40  SCV  
  15  0:42  Barracks  
  16  0:45  Refinery  
  16  0:52  SCV  
  17  1:04  SCV  
  18  1:17  SCV  
  19  1:29  Orbital Command, Reaper  
  20  1:41  Command Center  
  20  1:51  Supply Depot  
  20  1:55  SCV  
  21  2:07  SCV  
  21  2:08  Factory  
  22  2:09  Marine  
  23  2:19  SCV  
  23  2:21  Refinery  
  24  2:27  Marine  
  25  2:31  SCV  
  26  2:43  SCV  
  27  2:46  Barracks Reactor  
  27  2:53  Orbital Command  
  27  2:55  SCV  
  27  2:56  Bunker  
  28  3:00  Widow Mine  
  28  3:02  Starport  
  30  3:07  SCV  
  32  3:20  SCV  
  32  3:21  SCV  
  32  3:22  Marine x2  
  35  3:29  Widow Mine  
  35  3:32  SCV  
  35  3:33  SCV  
  39  3:41  Medivac  
  41  3:42  Supply Depot  
  41  3:44  SCV  
  41  3:45  SCV  
  43  3:56  Factory Tech Lab, SCV  
  43  3:57  SCV  
  43  3:59  Barracks  
  43  4:00  Barracks  
  45  4:06  Refinery  
  45  4:08  Supply Depot, SCV  
  45  4:09  SCV  
  47  4:11  Starport Tech Lab  
  47  4:19  Marine  
  47  4:20  SCV, Marine  
  47  4:21  Siege Tank, SCV  
  53  4:32  SCV  
  53  4:34  SCV  
  53  4:36  Raven  
  57  4:41  Supply Depot  
  57  4:42  Engineering Bay  
  57  4:44  SCV  
  57  4:45  Refinery  
  58  4:46  SCV  
  58  4:52  Barracks Tech Lab  
  59  4:56  SCV  
  59  4:59  Factory Reactor  
  60  5:04  SCV  
  57  5:07  Terran Infantry Weapons Level 1  
  57  5:08  Stimpack, SCV, Marine  
  57  5:12  Marine  
  60  5:16  SCV  
  60  5:20  SCV  
  60  5:21  Starport Reactor  
  62  5:26  Marine x2  
  64  5:28  SCV  
  64  5:31  Command Center, Marauder x2  
  64  5:33  SCV  
  70  5:40  Supply Depot  
  70  5:41  SCV  
  71  5:44  Marine x2  
  71  5:45  Supply Depot  
  72  5:53  Marauder x2  
  72  5:55  Widow Mine  
  78  6:01  Widow Mine, SCV  
  78  6:02  Marine x2, SCV  
  84  6:04  Medivac  
  84  6:07  Medivac  
  88  6:12  Barracks  
  88  6:13  Barracks  
  88  6:14  Marauder x2  
  92  6:20  Marine x2  
  94  6:30  Concussive Shells  
  94  6:41  Supply Depot  
  94  6:42  Marauder x2, Medivac x2, Marine, SCV x2  
  94  6:43  Supply Depot  
  105  6:48  Combat Shield  
  105  6:49  Widow Mine x2  
  109  7:02  Marauder, SCV x2, Marine x2  
  115  7:13  Starport  
  115  7:14  Orbital Command, SCV  
  116  7:18  Viking x2  
  120  7:23  Factory Reactor  
  120  7:28  SCV x2  
  120  7:29  Marauder, Marine  
  125  7:33  Supply Depot  
  125  7:35  Supply Depot  
  125  7:42  Ghost Academy  
  125  7:49  Marine  
  125  7:54  Marine, SCV  
  125  7:55  Marauder x2, Marine  
  126  7:59  Supply Depot  
  126  8:01  Marauder, Supply Depot  
  121  8:07  Viking, Marine  
  121  8:08  Viking  
  121  8:12  Marine  
  127  8:13  Marine  
  127  8:16  Viking x2  
  127  8:17  Marauder x2  
  127  8:18  SCV x2  
  138  8:22  Marine  
  138  8:23  Supply Depot x2  
  138  8:31  Terran Infantry Armor Level 1  
  138  8:32  Marine x2  
  138  8:33  Armory  
  140  8:37  Marine  
  140  8:40  Marauder  
  147  8:45  Supply Depot  
  147  8:48  Supply Depot  
  147  8:49  Marine  
  147  8:50  Marine  
  147  8:54  Marine  
  150  8:56  Widow Mine  
  150  8:57  Viking, Widow Mine  
  150  9:01  Marauder  
  154  9:03  SCV x2  
  154  9:06  Unknown x2  
  154  9:07  Marine x2, Marauder x2  
  154  9:08  Viking, Refinery  
  154  9:09  Viking  
  166  9:11  Refinery  
  166  9:12  Marine  
  167  9:23  SCV x2, Marauder  
  171  9:25  Marine  
  171  9:26  Marine, Engineering Bay  
  171  9:27  Viking x2  
  171  9:28  Marauder x2  
  171  9:30  Supply Depot, Marine  
  182  9:32  Supply Depot, SCV  
  182  9:35  SCV  
  183  9:44  Marauder  
  175  9:52  Marauder, Marine x2  
  152  9:54  Marauder, Marine  
  152  9:59  Viking  
  130  10:05  Marine  
  131  10:09  Command Center, Marine  
  131  10:10  Marine  
  131  10:12  Terran Infantry Weapons Level 2, Marine  
  131  10:13  Marauder  
  136  10:14  Viking  
  136  10:16  Marauder  
  140  10:23  Marine  
  140  10:27  Marine x2  
  143  10:30  Viking x2, Widow Mine x2  
  143  10:31  Marine  
  143  10:35  Marauder  
  154  10:36  Fusion Core  
  154  10:37  Marine  
  154  10:38  Liberator  
  154  10:41  Marine  
  156  10:45  Marine  
  156  10:48  SCV  
  158  10:55  Marauder  
  158  10:56  Marauder  
  159  10:59  Marauder  
  154  11:04  Marine  
  155  11:16  Marauder  
  155  11:17  Command Center  
  155  11:18  Marauder  
  158  11:20  Liberator x2  
  166  11:26  SCV x2  
  166  11:29  Command Center  
  167  11:34  Marine x2  
  173  11:43  Refinery x2  
  173  11:49  Unknown, Marauder  
  173  11:56  Liberator x2  
  169  12:02  Marine  
  169  12:06  Unknown, Marauder  
  169  12:07  Unknown, Marauder  
  158  12:10  Marauder  
  130  12:18  Marine x2  
  130  12:20  Marine  
  128  12:23  SCV x3  
  128  12:28  Marauder  
  128  12:29  Marauder  
  135  12:32  Marauder  
  135  12:35  SCV x3  
  136  12:41  Liberator  
  137  12:47  SCV x3  
  137  12:48  Missile Turret  
  137  12:49  Marauder  
  137  12:50  Marauder  
  144  12:53  Orbital Command  
  144  12:59  SCV  
  144  13:00  Missile Turret  
  144  13:03  Advanced Ballistics  
  145  13:08  Planetary Fortress  
  145  13:17  Marauder  
  147  13:29  Marine x2  
  147  13:31  SCV x2  
  142  13:37  Marine  
  142  13:39  Marauder  
  139  13:45  Liberator x2  
  139  13:47  Unknown x2, Marine x2  
  139  13:48  Marauder x2  
  151  13:51  SCV x4  
  155  13:55  Liberator  
  155  13:57  Marine  
  155  14:00  Marauder  
  161  14:07  Missile Turret  
  161  14:09  Marauder  
  163  14:18  Terran Infantry Weapons Level 3  
  163  14:29  Marauder, Marine x2  
  153  14:32  Marauder  
  153  14:37  Liberator  
  152  14:45  Liberator  
  152  14:47  Marauder  
  152  14:50  SCV  
  157  15:07  Medivac x2  
  157  15:09  Marauder  
  157  15:13  Orbital Command  
  157  15:32  Marauder, Marine  
  159  15:37  Unknown  
  152  15:52  SCV  
  152  15:53  Marauder, Marine x2, SCV  
  160  16:03  Liberator x3  
  169  16:04  Marine  
  169  16:05  Marauder  
  169  16:10  Marine, SCV x2  
  169  16:11  SCV  
  176  16:15  Terran Infantry Armor Level 2  
  175  16:20  Terran Ship Weapons Level 1  
  175  16:22  Unknown  
  175  16:25  Missile Turret  
  175  16:31  Liberator  
  175  16:32  Marine  
  175  16:42  Marine  
  175  16:43  Marauder  
  178  16:54  Marine x2  
  178  16:55  Marauder  
  178  16:57  Command Center  
  178  17:01  Liberator x2  
  179  17:02  Marine  
  186  17:15  Liberator x2, Marine  
  192  17:16  Marauder  
  184  17:38  Armory  
  183  17:44  Viking x2  
  187  18:02  Marine x2  
  187  18:03  Marauder  
  181  18:11  Marauder, Marine x2  
  168  18:25  Marine x3  
  168  18:26  Viking x2  
  137  18:29  Marine x2  
  137  18:32  Marine  
  136  18:43  Marine x3  
  136  18:46  Marine  
  136  18:47  Marauder  
  127  18:50  Marine  
  127  18:54  Orbital Command  
  102  19:01  Marine x3  
  92  19:26  Marine x6  
  98  19:44  Marine x3  
  98  19:45  Marauder x2  
  105  19:55  Orbital Command  
  105  19:59  Refinery  
  105  20:03  Marine  
  105  20:04  Marauder  
  105  20:06  Barracks, Liberator x3, Marauder  
  116  20:08  Barracks  
  116  20:10  Marine x3  
  116  20:12  Barracks  
  119  20:16  SCV x2  
  119  20:17  SCV  
  119  20:21  Marine  
  112  20:24  Marine  
  112  20:27  Marine  
  108  20:30  Marine x3  
  109  20:39  Marine  
Tags
 
Add a new tag
Caveats
  • Supply blocks, unpowered buildings, or Contaminate may cause inaccurate times.
  • Supply counts are checked every 10 seconds.